 Dungeon Crawl Stone Soup version 0.30-a0-723-gc1506a1cf0 (webtiles) character file.

Game seed: 2825871407324808119

59 jimonade the Sneak (level 4, 0/20 (23) HPs)
             Began as a Vine Stalker Brigand on Jan 28, 2023.
             Slain by a crimson imp
             ... wielding a +1 dagger of chaos
              (1 damage)
             ... on level 3 of the Dungeon.
             The game lasted 00:05:05 (1705 turns).

jimonade the Sneak (Vine Stalker Brigand)           Turns: 1705, Time: 00:05:05

HP:   0/20 (23)     AC:  4    Str: 14    XL:     4   Next: 3%
MP:   0/5           EV: 12    Int: 11    God:
Gold: 113           SH:  0    Dex: 17    Spells: 3/3 levels left

rFire   . . .      SeeInvis .    a - +2 dagger
rCold   . . .      Faith    .    (no shield)
rNeg    + . .      Spirit   +    b - +0 robe
rPois   .          Reflect  .    p - +0 helmet
rElec   .          Harm     .    c - +0 cloak
rCorr   .          Rampage  .    (no gloves)
Will    .....                    (no boots)
Stlth   +++                      (no amulet)
HPRegen 1.03/turn                m - ring of positive energy
MPRegen 0.09/turn                n - ring of wizardry

@: heavily drained
A: fangs 2, regeneration 1, magic shield, antimagic bite, no potion heal 2
a: no special abilities


You were on level 3 of the Dungeon.
You visited 1 branch of the dungeon, and saw 3 of its levels.

You collected 113 gold pieces.

Inventory:

Hand Weapons
 a - a +2 dagger (weapon)
Missiles
 d - 9 poisoned darts (quivered)
Armour
 b - a +0 robe (worn)
 c - a +0 cloak (worn)
 p - a +0 helmet (worn)
 x - a +0 chain mail
Jewellery
 m - a ring of positive energy (left hand)
 n - a ring of wizardry (right hand)
Scrolls
 g - 2 scrolls of identify {unknown}
 h - 2 scrolls of vulnerability {unknown}
 i - a scroll of teleportation {unknown}
 j - a scroll of immolation {unknown}
 k - 2 scrolls of enchant armour {unknown}
 l - a scroll of fear {unknown}
 q - a scroll of poison {unknown}
 s - a scroll of torment {unknown}
 u - a scroll of noise {unknown}
 v - a scroll of magic mapping {unknown}
Potions
 f - 2 potions of might {unknown}
 o - a potion of curing {unknown}
 r - a potion of attraction {unknown}
 t - a potion of heal wounds {unknown}
 w - a potion of brilliance {unknown}
 z - a potion of flight {unknown}


   Skills:
 + Level 2.3 Fighting
 * Level 2.3 Short Blades
 + Level 2.1 Throwing
 + Level 1.0 Dodging
 + Level 5.6 Stealth


You had 3 spell levels left.
You didn't know any spells.
Your spell library contained the following spells:

 Spells                   Type           Power      Damage    Failure   Level
 Kiss of Death            Conj/Necr      0%         2d5       14%         1
 Confusing Touch          Hex            0%         N/A       38%         3
 Dispel Undead            Necr           0%         3d6       77%         4


Dungeon Overview and Level Annotations

Branches:
Dungeon (3/15)

Altars:
Makhleb
Xom

Shops:
D:1 *


Innate Abilities, Weirdness & Mutations

You have extremely sharp teeth.
Your natural rate of healing is unusually fast.
When hurt, damage is shared between your health and your magic reserves.
Your bite disrupts and absorbs the magic of your enemies.
Potions cannot restore your health.


Message History

You throw a curare-tipped dart.
The curare-tipped dart hits the crimson imp.
The crimson imp is heavily wounded.
The crimson imp hits you with a +1 dagger of chaos.
* * * LOW HITPOINT WARNING * * *
The crimson imp freezes you.
* * * LOW HITPOINT WARNING * * *
Throw: dart (curare)
Press: ? - help, Q - select action, (/) - cycle Shift-Dir - straight line, f/p - crimson imp
Aim: a crimson imp, wielding a +1 dagger of chaos (heavily wounded, magic disrupted, 48% to hit)
You throw a curare-tipped dart.
The curare-tipped dart hits the crimson imp.
The crimson imp is heavily wounded.
The crimson imp falters for a moment.
You miss the crimson imp.
The crimson imp is moderately wounded.
You hit the crimson imp.
The crimson imp is severely wounded.
The crimson imp barely misses you.
You closely miss the crimson imp.
The crimson imp is heavily wounded.
The crimson imp misses you.
You miss the crimson imp. Your punch misses the crimson imp.
Your bite misses the crimson imp.
The crimson imp is heavily wounded.
The crimson imp hits you with a +1 dagger of chaos.
You hit the crimson imp but do no damage.
The crimson imp is heavily wounded.
The crimson imp falters for a moment.
You hit the crimson imp but do no damage.
Your bite misses the crimson imp.
The crimson imp is moderately wounded.
The crimson imp hits you with a +1 dagger of chaos.
* * * LOW HITPOINT WARNING * * *
You closely miss the crimson imp.
The crimson imp is moderately wounded.
The crimson imp hits you with a +1 dagger of chaos.
* * * LOW HITPOINT WARNING * * *
You partially resist.
You feel drained.
You die...

†...### #.## #.# ......##
########## #.# ##.#
.##.#..######........#####.#
#..#
.##.##...............##....#
#.##
###.########5...........####
#.# #.# #†.........### #.#
#.# ##........<# #.# #.#
#..##5##..### #.#
#.#########.##@..##.†.## #.#
..#.......##...##.#..#####.#
#.#......###_._##.##.†.....#
#.#......#######..###......#
###.#......... #### #......#
..#..........# ### ###.###.#
#.##........)..
....#....##.#
#.##†#..######## #......##.#
..#...## .....#...##)#


You could see a crimson imp (magic disrupted).

Vanquished Creatures
  An adder (D:3)
  3 dart slugs
  An orc (D:3)
  2 ball pythons
  3 bats
  4 endoplasms (D:1)
  2 giant cockroaches
  2 goblins
  5 hobgoblins
  3 jackals (D:2)
  3 kobolds (D:1)
  3 quokkas
  4 frilled lizards
  3 rats (D:1)
39 creatures vanquished.

Notes
Turn   | Place    | Note
-------+----------+-------------------------------------------
     0 | D:1      | jimonade the Vine Stalker Brigand began the quest for the
                  | Orb.
     0 | D:1      | Reached XP level 1. HP: 11/11 MP: 2/2
    83 | D:1      | Reached XP level 2. HP: 11/15 MP: 1/3
   155 | D:1      | Reached skill level 5 in Stealth
   579 | D:1      | Reached XP level 3. HP: 18/18 MP: 4/4
   621 | D:1      | Found Jyegaik's General Store.
  1588 | D:3      | Reached skill level 1 in Dodging
  1618 | D:3      | Gained mutation: Your natural rate of healing is unusually
                  | fast. [Vine Stalker growth]
  1618 | D:3      | Reached XP level 4. HP: 23/23 MP: 5/5
  1656 | D:3      | Found a shimmering altar of Xom.
  1657 | D:3      | Found a burning altar of Makhleb.
  1705 | D:3      | HP: 1/21 [crimson imp/+1 dagger of chaos (5)]
  1705 | D:3      | Slain by a crimson imp

Illustrated notes

Levels and vault maps discovered:
D:1:      ebering_hopf_link, layout_loops_ring, serial_shops,
          nicolae_lakefront_shop, columned_hall_lemuel
D:2:      layout_loops_cross
D:3:      layout_rooms, grunt_temple_overflow_champion_of_chaos,
          mainiacjoe_overflow_chevrons, shapermc_ecumenical_altar_starsandcircs

Skill      XL: |  1  2  3 |
---------------+----------+-----
Short Blades   | 2 |  2.3
Throwing       | 2 |  2.1
Stealth        | 5 |  5.6
Fighting       | 2 |  2.3
Dodging        | 1 |  1.0

Action                     |  1- 3 |  4- 6 || total
---------------------------+-------+-------++-------
  Melee: Dagger            |   111 |    31 ||   142
         Bite              |    29 |     6 ||    35
         Punch             |     1 |       ||     1
  Throw: Dart              |     1 |     3 ||     4
   Stab: Sleeping          |    14 |     1 ||    15
 Armour: Robe              |    14 |     3 ||    17
  Dodge: Dodged            |    50 |    12 ||    62

Table legend: (Time is in decaauts)
 A = Elapsed time spent in this place.
 B = Non-inter-level travel time spent in this place.
 C = Inter-level travel time spent in this place.
 D = Time resting spent in this place.
 E = Time spent auto-exploring this place.
 F = Levels seen in this place.
 G = Mean time per level.
                   A        B        C        D        E       F      G
               +--------+--------+--------+--------+--------+-----+--------+
         Total |   1688 |   1661 |     27 |     40 |   1158 |   3 |  562.7 |
       Dungeon |   1688 |   1661 |     27 |     40 |   1158 |   3 |  562.7 |
               +--------+--------+--------+--------+--------+-----+--------+

Top non-repeatable levels by time:
     D:2: 700 daAuts
     D:1: 637 daAuts
     D:3: 349 daAuts
